 Dungeon Crawl Stone Soup version 0.25-a0-420-g1cc7eeb0d1 (webtiles) character file.

Game seed: 10270743618287501219, levelgen mode: deterministic

13462 Flubbersnuff the Cleaver (level 11, -10/99 (101) HPs)
             Began as a Minotaur Berserker on Jan 19, 2020.
             Was an Elder of Trog.
             Mangled by an orc warrior
             ... wielding a +0 war axe
              (13 damage)
             ... on level 1 of the Orcish Mines.
             The game lasted 00:40:55 (12749 turns).

Flubbersnuff the Cleaver (Minotaur Berserker)      Turns: 12749, Time: 00:40:55

HP:   -10/99 (101)  AC: 12    Str: 24    XL:     11   Next: 75%
MP:   10/10         EV: 15    Int:  4    God:    Trog [****..]
Gold: 689           SH:  0    Dex: 11    Spells: 10/10 levels left

rFire    . . .     SeeInvis .   h - +2 battleaxe (flame)
rCold    + . .     Gourm    .   (shield currently unavailable)
rNeg     . . .     Faith    .   s - +0 scale mail
rPois    .         Spirit   .   B - +1 hat
rElec    .         Reflect  .   (no cloak)
rCorr    .         Harm     .   (no gloves)
MR       .....                  a - +0 pair of boots
Stlth    ..........             (no amulet)
HPRegen  0.26/turn              i - ring of protection from cold
MPRegen  0.12/turn              t - +1 ring of protection

@: berserk cooldown, very slightly contaminated, slowed, very slow
A: retaliatory headbutt, horns 2
a: Berserk, Trog's Hand, Brothers in Arms, Renounce Religion


You were on level 1 of the Orcish Mines.
You worshipped Trog.
Trog was greatly pleased with you.
You were very hungry.

You visited 2 branches of the dungeon, and saw 13 of its levels.

You collected 689 gold pieces.

Inventory:

Hand Weapons
 h - a +2 battleaxe of flaming (weapon)
Armour
 a - a +0 pair of boots (worn)
 s - a +0 scale mail (worn)
 B - a +1 hat (worn)
Jewellery
 g - a cursed ring of attention {unknown}
 i - a ring of protection from cold (left hand)
 t - a +1 ring of protection (right hand)
 w - a +3 amulet of reflection {unknown}
Wands
 q - a wand of polymorph (10)
 r - a wand of disintegration (9)
 u - a wand of iceblast (8)
 v - a wand of acid (3)
Scrolls
 b - 4 scrolls of identify
 f - 12 scrolls of teleportation
 l - a scroll of brand weapon {unknown}
 m - 3 scrolls of remove curse
 o - a scroll of blinking
 p - a scroll of enchant weapon
Potions
 d - 2 potions of agility
 e - 5 potions of curing
 j - 3 potions of brilliance {unknown}
 k - 2 potions of lignification {unknown}
 n - 2 potions of flight {unknown}
 x - a potion of heal wounds
 z - a potion of haste {unknown}
 A - a potion of berserk rage {unknown}
Comestibles
 c - 19 rations


   Skills:
 + Level 10.8 Fighting
 * Level 14.2 Axes
 + Level 10.4 Armour
 + Level 9.7 Dodging


You had 10 spell levels left.
You didn't know any spells.
Your spell library was empty.

Dungeon Overview and Level Annotations

Branches:
Dungeon (12/15)            Temple (0/1) D:7            Lair (0/6) D:10
    Orc (1/2) D:11

Altars:
Cheibriados
Dithmenos
Kikubaaqudgha
Nemelex Xobeh
Okawaru
Qazlal
Uskayaw
Vehumet
Wu Jian
The Shining One

Shops:
D:5 (

Annotations:
Orc:1 Jorgrun


Innate Abilities, Weirdness & Mutations

You reflexively headbutt those who attack you in melee.
You have a pair of horns on your head.


Message History

You hit the stone giant. You burn the stone giant.
You headbutt the stone giant, but do no damage.
The stone giant is lightly wounded.
The stone giant hits you!
* * * LOW HITPOINT WARNING * * *
An orc comes into view. It is wielding a +0 falchion.
The orc wizard casts a spell.
The orc wizard flickers and vanishes!
Deactivating autopickup; reactivate with Ctrl-A.
You slice the stone giant!! You burn the stone giant!
The stone giant is moderately wounded.
The stone giant barely misses you. The stone giant misses you.
Blink to where?
Press: ? - help, Dir - move target cursor You are very lightly contaminated with residual magic.
As you read the scroll of blinking, it crumbles to dust.
The orc hits you but does no damage. The orc hits you but does no damage.
The orc warrior hits you with a +0 war axe!
You die...

#### ##..## .#..
##....###o....
#.....§o......
###.(..oo.o....
##..(#.C........
#....oo......$..
#....@Og........
##..#...........
#.............#
#...............
##...........
...#........
#............
#.........>..


You could see Jorgrun, a stone giant, 2 orc warriors, an ogre and 5 orcs.

Vanquished Creatures
  Gastronok (D:8)
  Erolcha (D:9)
  Harold (D:7)
  Erica (D:8)
  An ugly thing (D:11)
  A cyclops (D:11)
  Joseph (D:9)
  Psyche (D:8)
  2 centaur zombies (D:11)
  A tengu conjurer (D:11)
  A troll (D:11)
  4 hippogriffs
  4 yaks
  A hungry ghost (D:10)
  2 water moccasins
  Duvessa (D:6)
  5 orc warriors
  2 porcupines (D:10)
  3 ice beasts
  4 sky beasts
  2 black bears (D:10)
  A necrophage (D:8)
  A phantom (D:11)
  8 ogres
  3 centaurs
  Blork the orc (D:4)
  A big kobold (D:9)
  5 bullfrogs
  Dowan (D:6)
  2 wyvern zombies
  4 scorpions
  A wyvern skeleton (D:7)
  13 killer bees
  5 howler monkeys
  8 wights
  A crimson imp (D:10)
  5 jellies
  5 orc priests
  4 hounds
  An iguana (D:10)
  7 orc wizards
  2 bullfrog skeletons
  6 worker ants
  A killer bee zombie (D:9)
  2 hound skeletons
  19 adders
  2 shadow imps (D:11)
  3 oozes
  4 adder skeletons
  An adder zombie (D:6)
  4 leopard geckos
  36 orcs
  2 ball pythons
  6 giant cockroaches
  9 goblins
  5 hobgoblins
  12 jackals
  16 kobolds
  4 quokkas
  A ball python skeleton (D:5)
  6 bats
  5 frilled lizards
  A leopard gecko skeleton (D:5)
  A leopard gecko zombie (D:8)
  7 rats
  3 fungi (D:10)
  7 plants (D:10)
  A withered plant (D:4)
283 creatures vanquished.

Vanquished Creatures (others)
  2 fungi (D:10)
2 creatures vanquished.

Grand Total: 285 creatures vanquished

Notes
Turn   | Place    | Note
-------+----------+-------------------------------------------
     0 | D:1      | Flubbersnuff the Minotaur Berserker began the quest for the
                  | Orb.
     0 | D:1      | Reached XP level 1. HP: 19/19 MP: 0/0
   139 | D:1      | Reached XP level 2. HP: 15/27 MP: 1/1
   205 | D:1      | Reached skill level 4 in Axes
   947 | D:1      | Reached XP level 3. HP: 33/33 MP: 2/2
  1377 | D:2      | Reached ** piety under Trog
  1633 | D:2      | Found a faded altar of an unknown god.
  1983 | D:2      | Reached XP level 4. HP: 24/40 MP: 3/3
  2276 | D:3      | Found a glowing golden altar of the Shining One.
  2621 | D:3      | Reached skill level 5 in Axes
  2768 | D:3      | Reached XP level 5. HP: 42/47 MP: 4/4
  3105 | D:4      | Noticed an ogre
  3120 | D:4      | Killed an ogre
  3122 | D:4      | Reached XP level 6. HP: 34/55 MP: 5/5
  3339 | D:4      | Reached skill level 5 in Fighting
  3339 | D:4      | Reached skill level 6 in Axes
  3646 | D:4      | Found an ancient bone altar of Kikubaaqudgha.
  3703 | D:4      | Found a hide-covered altar of Uskayaw.
  3947 | D:4      | Reached XP level 7. HP: 61/61 MP: 6/6
  3992 | D:4      | Noticed Blork the orc
  4066 | D:4      | Killed Blork the orc
  4066 | D:4      | Reached *** piety under Trog
  4066 | D:4      | Reached skill level 7 in Axes
  4272 | D:4      | Found a sparkling altar of Nemelex Xobeh.
  4315 | D:5      | Entered Level 5 of the Dungeon
  4442 | D:5      | Reached skill level 5 in Armour
  4530 | D:5      | Found a radiant altar of Vehumet.
  4755 | D:5      | Found Usoriut's Antique Weapon Shoppe.
  5305 | D:6      | Reached XP level 8. HP: 67/70 MP: 7/7
  5374 | D:6      | Noticed Duvessa
  5374 | D:6      | Reached skill level 8 in Axes
  5374 | D:6      | Reached skill level 5 in Dodging
  5387 | D:6      | Noticed Dowan
  5388 | D:6      | Killed Duvessa
  5408 | D:6      | Killed Dowan
  5796 | D:6      | Found an ornate altar of the Wu Jian Council.
  5830 | D:6      | Reached skill level 9 in Axes
  6205 | D:6      | Found an iron altar of Okawaru.
  6385 | D:7      | Reached **** piety under Trog
  6418 | D:7      | Noticed Harold
  6435 | D:7      | Killed Harold
  6435 | D:7      | Reached skill level 10 in Axes
  6435 | D:7      | Reached XP level 9. HP: 80/80 MP: 8/8
  6706 | D:7      | Found a staircase to the Ecumenical Temple.
  6769 | D:7      | Found a stormy altar of Qazlal.
  7031 | D:7      | Reached skill level 11 in Axes
  7103 | D:7      | Found a sparkling altar of Nemelex Xobeh.
  7232 | D:8      | Noticed Psyche
  7239 | D:8      | Killed Psyche
  7514 | D:8      | Reached XP level 10. HP: 68/88 MP: 9/9
  7760 | D:8      | Noticed Gastronok
  7779 | D:8      | Killed Gastronok
  7779 | D:8      | Reached skill level 12 in Axes
  7976 | D:8      | Noticed Erica
  7987 | D:8      | Killed Erica
  8719 | D:9      | Found a shadowy altar of Dithmenos.
  8817 | D:9      | Reached ***** piety under Trog
  8817 | D:9      | Received a gift from Trog
  8854 | D:9      | Found a snail-covered altar of Cheibriados.
  8975 | D:9      | Noticed Erolcha
  8980 | D:9      | Killed Erolcha
  8980 | D:9      | Reached skill level 13 in Axes
  8980 | D:9      | Reached XP level 11. HP: 97/97 MP: 10/10
  9203 | D:9      | Noticed Joseph
  9209 | D:9      | Killed Joseph
  9388 | D:10     | Entered Level 10 of the Dungeon
  9528 | D:10     | Reached skill level 10 in Fighting
  9907 | D:10     | Found a staircase to the Lair.
 11257 | D:11     | Noticed a purple ugly thing
 11265 | D:11     | Killed a purple ugly thing
 11554 | D:11     | Reached skill level 10 in Armour
 11726 | D:11     | Received a gift from Trog
 11885 | D:11     | Reached skill level 14 in Axes
 12265 | D:11     | Found a staircase to the Orcish Mines.
 12736 | Orc:1    | Entered Level 1 of the Orcish Mines
 12736 | Orc:1    | Noticed a stone giant
 12741 | Orc:1    | Noticed Jorgrun
 12746 | Orc:1    | HP: 2/99 [stone giant (16)]
 12749 | Orc:1    | Mangled by an orc warrior

Levels and vault maps discovered:
D:1:      scummos_arrival_simple_crosswalls, layout_loops_ring, serial_bayou,
          serial_bayou_shore_a, serial_bayou_pond_e, serial_bayou_pond_e,
          serial_bayou_shore_b, serial_bayou_shore_b
D:2:      layout_loops_cross, chequers_ecumenical_altar_island
D:3:      layout_rooms, overflow_temple_1_default, first_ration
D:4:      layout_basic, kiku_gazebo_garden_becter, marbit_many_paths,
          nicolae_overflow_crystal_walls, guppyfry_early_lair_pool,
          uniq_blork_the_orc
D:5:      layout_loops_ring, lemuel_crystal_altar, serial_shops,
          kennysheep_little_box
D:6:      layout_rooms, lemuel_round_altar, kennysheep_mini_moat, uniq_duvessa
D:7:      layout_basic, old_standard_altar, minmay_temple_entry_glassed_door,
          nemelex_xobeh_ov_fountains_minmay, uniq_harold
D:8:      layout_loops_cross, uniq_erica, uniq_gastronok, uniq_psyche
D:9:      layout_loops_ring, nicolae_dithmenos_the_darkroom,
          overflow_temple_1_default, uniq_erolcha, uniq_joseph
D:10:     layout_layer_cave, grunt_lair_entry_orc_guard_hut
D:11:     layout_irregular_city, orc_0_dummy, grunt_tengu_nest
D:12:     layout_cave_pods, serial_shops, shop, uniq_sonja
Orc:1:    layout_caves, serial_shops, shop, uniq_jorgrun, uniq_urug

Skill      XL: |  1  2  3  4  5  6  7  8  9 10 11 |
---------------+----------------------------------+-----
Axes           | 4 5 6 7 10 11 13 14 | 14.2
Fighting       | 4 5 6 7 8 9 10 | 10.8
Armour         | 3 4 5 7 8 9 10 | 10.4
Dodging        | 3 4 6 7 8 9 |  9.7

Action                   |  1- 3 |  4- 6 |  7- 9 | 10-12 || total
-------------------------+-------+-------+-------+-------++-------
Melee: Hand axe          |    98 |   125 |   170 |       ||   393
       Headbutt          |    11 |    27 |    57 |    61 ||   156
       War axe           |       |       |    54 |    96 ||   150
       Battleaxe         |       |       |       |   186 ||   186
Invok: Berserk           |       |     3 |     4 |     7 ||    14
       Trog's Hand       |       |       |     1 |     2 ||     3
  Use: Scroll            |       |       |     7 |     9 ||    16
       Potion            |       |       |     1 |       ||     1
  Eat: Chunk             |     3 |     5 |    13 |    21 ||    42
       Ration            |       |     1 |     1 |     1 ||     3
Armor: Animal skin       |    17 |     4 |       |       ||    21
       Ring mail         |       |    12 |     3 |       ||    15
       Scale mail        |       |       |    71 |    81 ||   152
Dodge: Dodged            |    52 |    53 |    93 |   156 ||   354

Table legend:
 A = Non-vault XP
 B = Vault XP
 C = Vault XP percentage of total XP
 D = Non-vault monster count
 E = Vault monster count
 F = Vault count percentage of total count
                 A         B        C        D         E       F
            +---------+---------+-------+---------+---------+-------
      Total |   11842 |    7390 |  38.4 |     253 |      19 |   7.0
            +---------+---------+-------+---------+---------+-------
        D:1 |      50 |       0 |   0.0 |      29 |       0 |   0.0
        D:2 |      57 |       0 |   0.0 |      21 |       0 |   0.0
        D:3 |      99 |       0 |   0.0 |      11 |       0 |   0.0
        D:4 |     650 |     140 |  17.7 |      24 |       4 |  14.3
        D:5 |     377 |       0 |   0.0 |      11 |       0 |   0.0
        D:6 |     939 |     227 |  19.5 |      24 |       2 |   7.7
        D:7 |    1321 |     965 |  42.2 |      25 |       1 |   3.8
        D:8 |    1214 |    3545 |  74.5 |      20 |       3 |  13.0
        D:9 |     978 |    1462 |  59.9 |      18 |       2 |  10.0
       D:10 |    1425 |     717 |  33.5 |      33 |       6 |  15.4
       D:11 |    4130 |     334 |   7.5 |      34 |       1 |   2.9
       D:12 |     602 |       0 |   0.0 |       3 |       0 |   0.0
            +---------+---------+-------+---------+---------+-------
